 Dungeon Crawl Stone Soup version 0.30-a0-1059-g7dea3e163d (webtiles) character file.

Game seed: 907345929213222722

3438 CryoSword the Slicer (level 10, -5/94 HPs)
             Began as a Kobold Summoner on Apr 12, 2023.
             Was a Priest of Dithmenos.
             Slain by a yak (9 damage)
             ... on level 8 of the Dungeon.
             The game lasted 00:20:42 (10142 turns).

CryoSword the Slicer (Kobold Summoner)             Turns: 10142, Time: 00:20:42

Health: -5/94      AC: 25    Str:  5 (6)  XL:     10   Next: 26%
Magic:  12/13      EV:  3    Int: 18 (21) God:    Dithmenos [***...]
Gold:   151        SH:  5    Dex: 12 (15) Spells: 3/13 levels left

rFire   . . .      SeeInvis .    z - +2 dagger (venom)
rCold   . . .      Faith    .    (no shield)
rNeg    . . .      Spirit   .    D - melded +2 robe {rN+}
rPois   +          Reflect  +    (helmet currently unavailable)
rElec   .          Rampage  .    (cloak currently unavailable)
rCorr   +          NoTele   +    u - melded +0 pair of gloves
Will    .....                    a - melded +0 pair of boots of Ethics {Will+ Dex+2}
Stlth   ++++++                   x - amulet of reflection
HPRegen 0.35/turn                g - ring of resist corrosion
MPRegen 0.13/turn                l - ring of wizardry

@: tree-form, attractive, hasted, wreathed by umbra, very quick
A: stationary, stasis, torment immunity, boosted hp, small, no large weapons,
nightstalker 3
a: Renounce Religion, Shadow Step


You were on level 8 of the Dungeon.
You worshipped Dithmenos.
Dithmenos was most pleased with you.
You were a tree.
You visited 2 branches of the dungeon, and saw 9 of its levels.
You also visited: Sewer.

You collected 417 gold pieces.
You spent 266 gold pieces at shops.

Inventory:

Hand Weapons
 z - a +2 dagger of venom (weapon)
   (You took it off an orc wizard on level 5 of the Dungeon)
Missiles
 p - 11 poisoned darts
 C - 6 boomerangs
Armour
 a - the +0 pair of boots of Ethics (melded) {Will+ Dex+2}
   (You bought it in a shop on level 1 of the Dungeon)

   Dex:       It affects your dexterity (+2).
   Will:      It increases your willpower.
 u - a +0 pair of gloves (melded)
   (You found it on level 3 of the Dungeon)
 D - a +2 robe of positive energy (melded)
   (You took it off an orc wizard on level 5 of the Dungeon)
Jewellery
 g - a ring of resist corrosion (left branch)
   (You found it on level 1 of the Dungeon)
 l - a ring of wizardry (right branch)
   (You found it on level 2 of the Dungeon)
 x - an amulet of reflection (around neck)
   (You took it off an orc on level 4 of the Dungeon)
Wands
 c - a wand of mindburst (9)
   (You found it on level 8 of the Dungeon)
 n - a wand of digging (9)
   (You found it on level 3 of the Dungeon)
 w - a wand of charming (20)
   (You found it on level 5 of the Dungeon)
Scrolls
 b - a scroll of vulnerability {unknown}
 d - a scroll of enchant armour {unknown}
 e - 2 scrolls of fear
 f - a scroll of magic mapping {unknown}
 h - a scroll of noise {unknown}
 j - 3 scrolls of teleportation {@r4}
 o - 3 scrolls of amnesia {unknown}
 q - 2 scrolls of blinking {unknown}
 r - a scroll of enchant weapon
 v - a scroll of torment {unknown}
 y - 3 scrolls of poison {unknown}
Potions
 i - 5 potions of flight
 k - 2 potions of lignification {!q}
 t - 2 potions of brilliance
 A - a potion of attraction {!q}


   Skills:
 * Level 7.2 Fighting
 * Level 8.9 Short Blades
 - Level 4.0 Dodging
 + Level 7.6 Stealth
 - Level 2.1 Spellcasting
 * Level 7.7 Summonings
 + Level 3.5 Air Magic
 - Level 3.5 Invocations


You had 3 spell levels left.
You knew the following spells:

 Your Spells              Type           Power      Damage    Failure   Level
a - Call Imp              Summ           58%        N/A       1%          2
b - Call Canine Familiar  Summ           29%        N/A       1%          3
y - Summon Lightning Spi  Summ/Air       22%        N/A       7%          4
M - Summon Small Mammal   Summ           100%       N/A       1%          1

Your spell library contained the following spells:

 Spells                   Type           Power      Damage    Failure   Level
 Summon Guardian Golem    Hex/Summ       15%        N/A       4%          3
 Poisonous Vapours        Pois/Air       16%        N/A       5%          2
 Necrotise                Necr           4%         1d4       8%          1
 Sting                    Tmut/Pois      4%         1d3       8%          1
 Inner Flame              Hex/Fire       1%         N/A       21%         3
 Vampiric Draining        Necr           1%         2d6       21%         3
 Flame Wave               Conj/Fire      1%         2d4       54%         4
 Olgreb's Toxic Radiance  Pois           1%         N/A       54%         4
 Sticky Flame             Conj/Fire      1%         2d3       54%         4
 Agony                    Necr           1%         N/A       86%         5
 Malign Gateway           Summ/Tloc      7%         N/A       100%        7
 Summon Horrible Things   Summ           14%        N/A       100%        8


Dungeon Overview and Level Annotations

Branches:
Dungeon (8/15)             Temple (1/1) D:4           Sewer (visited)
   Lair: D:8-11

Altars:
Cheibriados
Dithmenos
Gozag
Hepliaklqana
Makhleb
Qazlal
Sif Muna
Trog
Vehumet
Xom
The Shining One

Shops:
D:1 [   D:6 =

Annotations:
D:7 2 transporters, exclusion: 2 killer bees


Innate Abilities, Weirdness & Mutations

You are a tree.
Your roots penetrate the ground, keeping you stationary.
You cannot be teleported.
You are immune to unholy pain and torment.
Your maximum health is greatly increased.
Your equipment is partially melded.
You are small and have problems with some larger weapons.
You are completely attuned to the shadows.


Message History

Deactivating autopickup; reactivate with Ctrl-A.
Something hits you.
You feel yourself speed up.
You hit something but do no damage. Something hits you.
You hit something.
A vampire comes into view.
You hit something. Something hits you but does no damage.
You hit something.
Your hound bites something.
You miss something. Something hits you.
You hit something but do no damage.
Your hound bites something but does no damage.
You miss something.
You hear a crossbow thunk.
A bolt appears from out of your range of vision.
The bolt closely misses your hound.
You hear a shout!
You hit something.
You hear a shout! x2; You hear a bellow!
You hear a croak.
Your hound bites something.
You hear some strange, mumbled words.
Something tries to affect you, but you resist.
You hit something.
Your hound bites something.
You hit something. Something barely misses you.
You hear a crossbow thunk.
A bolt appears from out of your range of vision.
The bolt misses your hound.
You closely miss something.
Your hound closely misses something.
You hit something but do no damage. Something hits you.
You are poisoned.
You block the vampire's attack.
The vampire bites you but does no damage.
You feel very sick.
Your hound bites something.
The orc warrior shoots a bolt.
The bolt hits you!
You hear some strange, mumbled words.
Your hound resists with significant effort.
You feel sick. Dithmenos accepts your kill.
Reactivating autopickup.
You feel a bit more experienced. The vampire hits your hound!
The vampire bites your hound.
Your hound dies!
Your hound's corpse disappears in a puff of smoke!
An orc wizard comes into view. It is wielding a +0 dagger.
An orc comes into view. It is wielding a +0 dagger.
The orc warrior shoots a bolt.
The bolt hits you!
* * * LOW HITPOINT WARNING * * *
You hear a bellow!
You hear a shout!
You hear a bellow!
You feel sick.
You hear an angry growl.
You feel sick.
You feel sick.
A yak comes into view.
The vampire gestures at you while chanting.
You are confused.
The orc warrior shoots a bolt.
The bolt completely misses you.
The yak bellows!
Okay, then.
You are too confused!
It was a potion of attraction.
You feel attractive to monsters.
You feel sick.
You hear a loud, deep croak!
The orc warrior is attracted toward you.
The yak is attracted toward you. The orc is attracted toward you.
You are too confused!
Really quaff
k - 3 potions of lignification {!q}?
Really quaff the potion of lignification?
You turn into a tree.
Your +0 pair of gloves melds into your body.
The +0 pair of boots of Ethics {Will+ Dex+2} melds into your body.
Your +2 robe of positive energy melds into your body.
You feel less protected from negative energy.
Your roots penetrate the ground.
The orc warrior unwields a +0 arbalest.
The orc warrior wields a +0 short sword.
The orc warrior hits you but does no damage.
You cannot move. (Use ctrl+direction or * direction to attack while stationary and confused.)
You cannot move. (Use ctrl+direction or * direction to attack while stationary and confused.)
You cannot move. (Use ctrl+direction or * direction to attack while stationary and confused.)
You nearly hit yourself!
You feel sick.
The orc wizard hits you but does no damage.
The vampire hits you but does no damage.
The vampire bites you but does no damage.
The orc is attracted toward you.
You closely miss the orc wizard.
You feel sick.
The orc warrior hits you but does no damage.
The orc is attracted toward you.
You swing at nothing.
The orc hits you with a +0 dagger.
* * * LOW HITPOINT WARNING * * *
The orc wizard hits you but does no damage.
The vampire hits you but does no damage.
The vampire barely misses you.
You completely miss the vampire. The orc warrior barely misses you.
You cannot move. (Use ctrl+direction or * direction to attack while stationary and confused.)
You miss the orc wizard.
You feel sick.
You hit the orc wizard.
The vampire hits you but does no damage.
The vampire bites you!
* * * LOW HITPOINT WARNING * * *
The vampire draws strength from your injuries!
The orc wizard hits you with a +0 dagger.
* * * LOW HITPOINT WARNING * * *
You swing at nothing.
The orc warrior hits you with a +0 short sword.
* * * LOW HITPOINT WARNING * * *
You swing at nothing.
You feel sick.
You barely miss the orc wizard.
An orc wizard comes into view. It is wielding a +0 dagger.
The orc wizard hits you but does no damage.
The vampire hits you but does no damage.
The vampire bites you but does no damage.
The orc wizard is attracted toward you.
It was a potion of degeneration.
There was something very wrong with that liquid.
You feel weakened.
You feel dopey.
You feel clumsy.
You feel sick.
You are no longer poisoned.
The orc warrior hits you but does no damage.
The orc wizard hits you but does no damage.
The vampire hits you.
* * * LOW HITPOINT WARNING * * *
The vampire barely misses you. The yak gores you but does no damage.
You miss the vampire. Your punch misses the vampire.
You attack the rock wall.
The orc warrior barely misses you.
You completely miss the orc wizard. The yak gores you but does no damage.
The vampire hits you.
* * * LOW HITPOINT WARNING * * *
The vampire bites you but does no damage.
The orc wizard hits you but does no damage.
A yak comes into view.
The yak is attracted toward you.
You are too confused!
The yak bellows!
You hit the yak but do no damage.
You feel less confused.
You hear a loud, deep croak!
You closely miss the orc wizard. The orc warrior completely misses you.
You closely miss the orc wizard. You block the yak's attack.
The vampire gestures wildly while chanting.
The vampire flickers and vanishes!
Deactivating autopickup; reactivate with Ctrl-A.
The orc is attracted toward you.
You hit the orc but do no damage.
The orc is poisoned.
The orc warrior hits you but does no damage.
You closely miss the orc. You hit the orc.
The orc looks as sick as possible!
You kill the orc!
Dithmenos accepts your kill. The yak gores you!
You die...

.....#.....##
.....#.......
.....#.....# #.......
...........# #.......
.....##....# #.......
########.#.###
#........
####.#...####Y..).?..
#....###....#{..§....
#....# ####o♣Yo......
#....# ##)o.......
##....# ##§.......
#.....##### #...)...P
# #.#.#.....#
#.<...... #
#.....###.# ##.....P.
# #.#.#.#
#.#####......P #
##.....#
#............
###......#
########....


You could see 2 yaks, an orc warrior and 2 orc wizards.

Vanquished Creatures
  Psyche (D:8)
  A hornet (D:7)
  Grinder (D:6)
  3 water moccasins
  A sky beast (D:7)
  2 black bears (D:8)
  A wolf (D:8)
  A phantom (D:6)
  2 bullfrogs
  2 scorpions
  3 howler monkeys
  An orc priest (D:5)
  A jelly (D:7)
  3 hounds
  2 sleepcaps
  3 orc wizards
  2 iguanas
  A gnoll (D:4)
  A river rat (D:5)
  6 adders
  3 shadow imps
  2 white imps
  An ufetubus (D:5)
  2 dart slugs (D:2)
  2 worms (D:5)
  12 orcs
  2 bats
  11 endoplasms
  9 giant cockroaches
  7 goblins
  6 hobgoblins
  3 jackals
  5 kobolds
  9 quokkas
  9 ball pythons
  5 frilled lizards
  6 rats
132 creatures vanquished.

Vanquished Creatures (collateral kills)
  Grum (D:8)
  A sky beast (D:7)
  An ogre (D:5)
  A wolf (D:8)
  A centaur (D:5)
  A bullfrog (Sewer)
  3 wights
  A jelly (D:1)
  2 hounds
  An orc priest (D:5)
  A gnoll bouda (D:4)
  An iguana (D:5)
  3 orc wizards
  5 adders
  4 gnolls (D:4)
  A shadow imp (D:5)
  A white imp (D:5)
  An ufetubus (D:5)
  A worm (D:5)
  A dart slug (D:5)
  6 orcs
  3 ball pythons
  A bat (D:3)
  12 endoplasms
  6 giant cockroaches
  2 hobgoblins
  4 jackals (D:1)
  3 quokkas
  6 frilled lizards
  2 goblins
  A kobold (D:1)
  7 rats
85 creatures vanquished.

Vanquished Creatures (others)
  46 fungi (D:8)
  80 plants
126 creatures vanquished.

Grand Total: 343 creatures vanquished

Notes
Turn   | Place    | Note
-------+----------+-------------------------------------------
     0 | D:1      | CryoSword the Kobold Summoner began the quest for the Orb.
     0 | D:1      | Reached XP level 1. HP: 10/10 MP: 3/3
     1 | D:1      | Found a runed translucent door.
   208 | D:1      | Found a faded altar of an unknown god.
   245 | D:1      | Reached XP level 2. HP: 15/15 MP: 5/5
   248 | D:1      | Found Qiuqenet's Antique Armour Shoppe.
   562 | D:1      | Reached skill level 1 in Short Blades
   683 | D:1      | Learned a level 2 spell: Call Imp
   837 | D:1      | Reached XP level 3. HP: 14/19 MP: 3/6
  1345 | D:2      | Learned a level 3 spell: Call Canine Familiar
  1696 | D:2      | Reached skill level 2 in Short Blades
  1875 | D:1      | Reached XP level 4. HP: 14/24 MP: 1/7
  1907 | D:1      | Reached skill level 1 in Fighting
  2015 | D:3      | Reached XP level 5. HP: 29/30 MP: 4/8
  2860 | D:3      | Found an opulent altar of Gozag.
  3391 | D:4      | Found a glowing golden altar of the Shining One.
  3529 | D:4      | Reached skill level 3 in Short Blades
  3920 | D:4      | Found a staircase to the Ecumenical Temple.
  3926 | Temple   | Entered the Ecumenical Temple
  3980 | Temple   | Became a worshipper of Dithmenos the Shadowed
  4015 | D:4      | Reached XP level 6. HP: 36/36 MP: 5/9
  4945 | D:4      | Reached skill level 4 in Short Blades
  5030 | D:5      | Entered Level 5 of the Dungeon
  5061 | D:5      | Reached XP level 7. HP: 28/41 MP: 3/10
  5131 | D:5      | Reached skill level 5 in Summonings
  5168 | D:5      | Reached skill level 5 in Stealth
  5400 | D:5      | Reached skill level 5 in Short Blades
  5558 | D:5      | Reached * piety under Dithmenos
  5600 | D:5      | Reached XP level 8. HP: 34/48 MP: 4/11
  5609 | D:5      | Found a glowing drain.
  5613 | Sewer    | Entered a sewer
  5833 | Sewer    | Learned a level 4 spell: Summon Lightning Spire
  5881 | Sewer    | Reached ** piety under Dithmenos
  6333 | D:5      | Reached skill level 6 in Short Blades
  6511 | D:5      | Found a snail-covered altar of Cheibriados.
  6876 | D:6      | Found Etisu's Jewellery Shoppe.
  6883 | D:6      | Reached skill level 1 in Air Magic
  6917 | D:6      | Reached skill level 1 in Invocations
  7184 | D:6      | Identified the +0 robe of Beastly Happiness {Harm +Blink
                  | Will+ Dex-2}
  7730 | D:1      | Bought a pair of ancient boots for 266 gold pieces
  7730 | D:1      | Identified the +0 pair of boots of Ethics {Will+ Dex+2}
                  | (You bought it in a shop on level 1 of the Dungeon)
  7918 | D:6      | Reached skill level 5 in Fighting
  7936 | D:6      | Noticed Grinder
  7944 | D:6      | Killed Grinder
  7945 | D:6      | Reached XP level 9. HP: 54/54 MP: 12/12
  8320 | D:6      | Reached skill level 7 in Short Blades
  8636 | D:7      | Noticed a hornet
  8758 | D:7      | Found a transporter.
  8760 | D:7      | Found a transporter.
  8907 | D:7      | Paralysed by a hornet for 1 turns
  8916 | D:7      | Paralysed by a hornet for 1 turns
  8919 | D:7      | Killed a hornet
  9124 | D:7      | Noticed a brown ugly thing
  9597 | D:8      | Reached *** piety under Dithmenos
  9598 | D:8      | Reached skill level 8 in Short Blades
  9825 | D:8      | Found a radiant altar of Vehumet.
  9826 | D:8      | Found a stormy altar of Qazlal.
  9828 | D:8      | Found a burning altar of Makhleb.
  9830 | D:8      | Found a shimmering altar of Xom.
  9831 | D:8      | Found a shimmering blue altar of Sif Muna.
  9843 | D:8      | Noticed Grum
  9862 | D:8      | Reached XP level 10. HP: 43/61 MP: 8/13
  9875 | D:8      | Killed Grum
 10100 | D:8      | Noticed Psyche
 10118 | D:8      | Killed Psyche
 10136 | D:8      | HP: 3/94 [vampire (6)]
 10142 | D:8      | Slain by a yak

Illustrated notes

Levels and vault maps discovered:
D:1:      dpeg_arrival_caged_fury, layout_rooms, serial_shops, shop,
          ebering_ecumenical_altar_sacrificial, hex_tiny, minivault_24,
          hex_large, corexii_leaking_fountain, minmay_misc_feat_chi,
          minmay_misc_feat_nine_boxes
D:2:      layout_basic
D:3:      layout_basic, mainiacjoe_overflow_alcove_2, grunt_decor_one_mirror
D:4:      layout_loops_corners, mainiacjoe_overflow_brackets,
          minmay_temple_entry_stoned_glass, serial_bayou, serial_bayou_pond_b,
          serial_bayou_lake_a, serial_bayou_shore_a, serial_bayou_pond_e
D:5:      layout_rooms, chei_slow_surprise, lightli_sewer_entry_pipes,
          minmay_misc_feat_x, kennysheep_crisscross, minmay_misc_feat_alley,
          minmay_fractal_squares_gapless_5
D:6:      layout_loops_ring, nicolae_stop_n_shop_2, uniq_grinder
D:7:      gammafunk_corrupted_shrine, layout_basic
D:8:      layout_basic, grunt_temple_overflow_open, due_lair_maze_entry_diamond,
          serial_glass, glass_columns_a, glass_columns_b, water_maze_lemuel,
          uniq_grum, uniq_psyche
Temple:   minmay_temple_curvy_loop

Skill      XL: |  1  2  3  4  5  6  7  8  9 10 |
---------------+-------------------------------+-----
Stealth        | 3 4 5 6 7 |  7.6
Short Blades   | 1 2 3 4 5 6 8 |  8.9
Dodging        | 3 4 |  4.0
Fighting       | 1 2 3 4 5 6 7 |  7.2
Summonings     | 5 6 7 |  7.7
Air Magic      | 1 3 |  3.5
Invocations    | 1 3 |  3.5
Spellcasting   | |  2.1

Action                     |  1- 3 |  4- 6 |  7- 9 | 10-12 || total
---------------------------+-------+-------+-------+-------++-------
  Melee: Unarmed           |    19 |       |       |       ||    19
         Short sword       |    73 |   163 |    45 |       ||   281
         Punch             |       |     3 |     4 |     1 ||     8
         Dagger            |       |       |   293 |    58 ||   351
   Cast: Summon Small Mamm |    20 |    19 |     3 |       ||    42
         Call Imp          |     7 |    25 |    28 |       ||    60
         Call Canine Famil |     2 |     9 |    36 |     1 ||    48
         Summon Lightning  |       |       |     1 |       ||     1
  Evoke: Wand              |       |       |     1 |       ||     1
    Use: Scroll            |       |     7 |     4 |       ||    11
         Potion            |       |       |     7 |     3 ||    10
   Stab: Sleeping          |    12 |     6 |    26 |       ||    44
         Distracted        |     1 |     2 |    11 |     1 ||    15
         Fleeing           |       |       |     1 |       ||     1
 Armour: Robe              |    15 |    23 |    49 |     6 ||    93
         Skin              |       |       |       |    18 ||    18
  Dodge: Dodged            |    80 |   136 |   278 |    21 ||   515
  Block: Other             |       |    14 |    59 |     5 ||    78
         Reflection        |       |       |     1 |       ||     1

Table legend: (Time is in decaauts)
 A = Elapsed time spent in this place.
 B = Non-inter-level travel time spent in this place.
 C = Inter-level travel time spent in this place.
 D = Time resting spent in this place.
 E = Time spent auto-exploring this place.
 F = Levels seen in this place.
 G = Mean time per level.
                   A        B        C        D        E       F      G
               +--------+--------+--------+--------+--------+-----+--------+
         Total |  10150 |   9485 |    665 |    701 |   6322 |  10 | 1015.0 |
       Dungeon |   9620 |   8983 |    637 |    625 |   6186 |   8 | 1202.5 |
        Temple |     83 |     55 |     28 |      0 |     42 |   1 |   83.0 |
         Sewer |    446 |    446 |      0 |     76 |     94 |   1 |  446.0 |
               +--------+--------+--------+--------+--------+-----+--------+

Top non-repeatable levels by time:
     D:4: 1815 daAuts
     D:5: 1665 daAuts
     D:1: 1314 daAuts
     D:3: 1311 daAuts
     D:6: 1209 daAuts
     D:7: 1004 daAuts
     D:2: 786 daAuts
     D:8: 513 daAuts
   Sewer: 446 daAuts
  Temple: 83 daAuts
